 Dungeon Crawl Stone Soup version 0.22.1-2-g9c5b331 (webtiles) character file.

20682 Exodus3 the Cleaver (level 12, 0/106 HPs)
             Began as a Minotaur Fighter on Dec 7, 2018.
             Was an Initiate of Ru.
             Slain by an orc warrior
             ... wielding a +0 halberd
             ... led by an orc knight
              (29 damage)
             ... on level 2 of the Orcish Mines on Dec 10, 2018.
             The game lasted 02:09:52 (14738 turns).

Exodus3 the Cleaver (Minotaur Fighter)             Turns: 14738, Time: 02:09:53

Health: 0/106      AC: 15    Str: 25    XL:     12   Next: 47%
Magic:  11/11      EV: 13    Int:  6    God:    Ru [......]
Gold:   862        SH:  0    Dex: 10    Spells: 11/11 levels left

rFire    + . .     SeeInvis .   K - +3 mace (crush)
rCold    . . .     Gourm    +   (no shield)
rNeg     . . .     Faith    .   e - +4 scale mail {MR+}
rPois    .         Spirit   .   (helmet unavailable)
rElec    .         Reflect  .   n - +0 cloak
rCorr    .         Harm     .   J - +1 pair of gloves
MR       +....                  F - +0 pair of boots
Stlth    ..........             l - amulet of the gourmand
HPRegen  0.27/turn              T - ring of protection from fire
MPRegen  0.12/turn              H - +5 ring of slaying

@: drained
A: retaliatory headbutt, horns 3, deformed body, dopey 1, strong 1
a: Sacrifice Stealth, Sacrifice Artifice, Sacrifice Resistance, Reject
Sacrifices, Renounce Religion


You were on level 2 of the Orcish Mines.
You worshipped Ru.
Ru was noncommittal.
You were full.

You visited 2 branches of the dungeon, and saw 12 of its levels.

You collected 1609 gold pieces.
You spent 747 gold pieces at shops.

Inventory:

Hand Weapons
 t - a +5 hand axe of draining
 v - a +2 dagger of holy wrath
 I - a +1 shortbow of freezing
 K - a +3 mace of crushing (weapon)
 Q - a +0 blowgun
Missiles
 a - 151 arrows
 h - 58 bolts
 j - 6 steel tomahawks
 q - 6 needles of confusion
 u - 39 poisoned needles
 y - 9 curare-tipped needles
 A - 48 tomahawks (quivered)
Armour
 e - a +4 scale mail of magic resistance (worn)
 n - a +0 cloak (worn)
 s - a +0 troll leather armour
 z - a +2 robe of fire resistance
 F - a +0 pair of boots (worn)
 G - the +1 robe of a sewer {rC++ Int+4}
   (You found it on level 10 of the Dungeon)

   It affects your intelligence (+4).
   It greatly protects you from cold.
 J - a +1 pair of gloves (worn)
 O - a +2 leather armour of cold resistance
 R - a +2 buckler
 S - a +2 robe of cold resistance
Jewellery
 l - an amulet of the gourmand (around neck)
 H - a +5 ring of slaying (right hand)
 N - an uncursed ring of resist corrosion
 P - an uncursed ring of ice
 T - a ring of protection from fire (left hand)
Wands
 m - a wand of random effects (46)
 M - a wand of disintegration (17)
Scrolls
 b - 2 scrolls of immolation
 k - 7 scrolls of identify
 p - 4 scrolls of remove curse
 w - 2 scrolls of magic mapping
 C - a scroll of teleportation
Potions
 c - a potion of flight
 d - 3 potions of might
 g - 3 potions of mutation
 i - 2 potions of invisibility
 o - 3 potions of agility
 r - 2 potions of brilliance
 B - 3 potions of curing
 D - a potion of heal wounds
 E - 2 potions of haste
 L - a potion of lignification
Miscellaneous
 x - a lightning rod (4/4)
Comestibles
 f - 6 rations


   Skills:
 + Level 10.1(10.0) Fighting
 + Level 13.9(14.4) Axes
 + Level 6.6(11.2) Maces & Flails
 + Level 0.2 Throwing
 + Level 11.4 Armour
 + Level 7.6 Dodging
 + Level 2.3(2.2) Stealth
 + Level 10.2 Shields


You had 11 spell levels left.
You didn't know any spells.
Your spell library contained the following spells:

 Spells                   Type           Power        Failure   Level  Hunger
 Confusing Touch          Hex            #.....       69%         1    ##.....
 Corona                   Hex            #......      69%         1    ##.....
 Magic Dart               Conj           #...         69%         1    ##.....
 Searing Ray              Conj           #.....       83%         2    ###....
 Slow                     Hex            #.......     83%         2    ###....
 Confuse                  Hex            #.......     96%         3    ####...
 Dazzling Spray           Conj/Hex       #.....       96%         3    ####...
 Gell's Gravitas          Tloc           #.........   96%         3    ####...
 Inner Flame              Hex/Fire       #.......     96%         3    ####...
 Portal Projectile        Hex/Tloc       #.....       96%         3    ####...
 Cause Fear               Hex            #.........   100%        4    #####..
 Force Lance              Conj/Tloc      #.......     100%        4    #####..
 Fulminant Prism          Conj/Hex       #.........   100%        4    #####..
 Iskenderun's Mystic Bla  Conj           #.......     100%        4    #####..
 Leda's Liquefaction      Hex/Erth       #.........   100%        4    #####..
 Petrify                  Tmut/Erth      #.......     100%        4    #####..
 Metabolic Englaciation   Hex/Ice        #.........   100%        5    ######.
 Yara's Violent Unravell  Hex/Tmut       #.........   100%        5    ######.


Dungeon Overview and Level Annotations

Branches:
Dungeon (10/15)            Temple (0/1) D:6            Lair (0/6) D:9
    Orc (2/2) D:10            Elf (0/3) Orc:2

Altars:
Ashenzari
Elyvilon
Fedhas
Nemelex Xobeh
Okawaru
Qazlal
Ru
Sif Muna
Xom
Zin
The Shining One
Beogh

Shops:
D:4 (   D:6 [   D:9 ?   D:10 [   Orc:2 =%(!}


Innate Abilities, Weirdness & Mutations

You reflexively headbutt those who attack you in melee.
You have a pair of large horns on your head.
Armour fits poorly on your strangely shaped body.
You are dopey. (Int -2)
Your muscles are strong. (Str +2)


Message History

The warg closely misses you. You furiously retaliate!
You headbutt the warg!
You kill the warg!
The orc warrior misses you. x2
Things that are here:
a flail; a leather armour; an orc corpse You sock the orc knight!
The orc knight is lightly wounded.
The orc priest mumbles some strange prayers to Beogh against you.
Beogh smites you!
The orc knight hits you with an enchanted long sword!
* * * LOW HITPOINT WARNING * * *
The orc warrior closely misses you.
You feel much better. The orc priest barely misses you.
The orc warrior barely misses you.
The orc knight hits you with an enchanted long sword!
* * * LOW HITPOINT WARNING * * *
You barely miss the orc knight. You headbutt the orc knight!
The orc knight is moderately wounded.
The orc warrior hits you from afar with a halberd!!
You die...

........####.#......#
..........#.........
...................
.....<............# ..##
..##..<...........# ......
..##.............# .......
.####...........####.......
..###............#o........
....#..........†@oo........
..................o.......#
...........#.(..(........#
.........###.....((....##
.......### #..#..(($..##
##....## ##.##....###
##....# ####.(#.# #....##
##.#.# ##...# #####


You could see an orc knight, 2 orc warriors and an orc priest.

Vanquished Creatures
  Erolcha (Orc:2)
  Fannar (D:10)
  A two-headed ogre (D:9)
  An orc high priest (Orc:1)
  A deep elf knight (D:10)
  The ghost of devnull the Reanimator, a novice DENe of Yredelemnul (D:10)
  10 orc sorcerers (Orc:2)
  2 cyclopes (Orc:1)
  Joseph (D:10)
  6 trolls
  Prince Ribbit (D:6)
  A hippogriff (D:8)
  2 hornets
  A spriggan (D:9)
  2 steam dragons
  A hungry ghost (D:7)
  6 wargs (Orc:2)
  A porcupine (D:9)
  A water moccasin (D:9)
  3 black bears
  20 orc warriors
  3 ice beasts
  2 phantoms
  4 sky beasts
  10 ogres
  A necrophage (D:10)
  5 centaurs
  3 big kobolds
  4 bullfrogs
  2 scorpions
  20 killer bees
  A howler monkey (D:6)
  A centaur zombie (D:8)
  A jelly (D:5)
  4 crimson imps
  3 bullfrog zombies
  4 hounds
  6 orc priests
  A centaur skeleton (D:7)
  47 orc wizards
  2 iguanas
  Terence (D:2)
  5 worker ants
  2 hound zombies
  Robin (D:2)
  3 hound skeletons
  A howler monkey zombie (D:10)
  A worker ant zombie (D:8)
  A howler monkey skeleton (D:8)
  A gnoll (D:1)
  16 adders
  2 shadow imps
  An adder zombie (D:7)
  5 dart slugs
  4 leopard geckos
  89 orcs
  4 giant cockroaches
  16 goblins
  7 hobgoblins
  9 jackals
  26 kobolds
  5 quokkas
  2 ball pythons (D:2)
  9 bats
  5 frilled lizards
  2 leopard gecko skeletons
  2 quokka skeletons
  3 rats
  A fungus (D:9)
  6 plants
418 creatures vanquished.

Vanquished Creatures (others)
  An orc wizard (Orc:2)
  A worker ant (D:7)
  An orc (Orc:2)
  2 fungi (D:9)
5 creatures vanquished.

Grand Total: 423 creatures vanquished

Notes
Turn   | Place    | Note
-------+----------+-------------------------------------------
     0 | D:1      | Exodus3 the Minotaur Fighter began the quest for the Orb.
     0 | D:1      | Reached XP level 1. HP: 19/19 MP: 0/0
   156 | D:1      | Reached XP level 2. HP: 22/27 MP: 1/1
   430 | D:1      | Reached XP level 3. HP: 5/34 MP: 2/2
   763 | D:2      | Noticed Robin
   783 | D:2      | Reached skill level 3 in Axes
  1129 | D:2      | Killed Robin
  1129 | D:2      | Reached XP level 4. HP: 33/41 MP: 3/3
  1402 | D:2      | Found a blossoming altar of Fedhas.
  1444 | D:2      | Noticed Terence
  1447 | D:2      | Killed Terence
  1638 | D:2      | Reached skill level 4 in Axes
  1638 | D:2      | Reached XP level 5. HP: 42/47 MP: 4/4
  2671 | D:3      | Found an iron altar of Okawaru.
  2671 | D:3      | Found a sacrificial altar of Ru.
  2683 | D:3      | Became a worshipper of Ru the Awakened
  2749 | D:3      | Found a shattered altar of Ashenzari.
  3211 | D:4      | Found Raruhebb's Antique Weapon Shop.
  3229 | D:4      | Reached skill level 5 in Shields
  3269 | D:4      | Found a stormy altar of Qazlal.
  3567 | D:4      | Reached XP level 6. HP: 26/55 MP: 5/5
  3604 | D:4      | Reached skill level 1 in Dodging
  3960 | D:4      | You fall through a shaft!
  3960 | D:5      | Entered Level 5 of the Dungeon
  4262 | D:5      | Found a white marble altar of Elyvilon.
  4452 | D:5      | Reached skill level 5 in Armour
  4460 | D:5      | Found a glowing silver altar of Zin.
  4516 | D:5      | Reached skill level 5 in Axes
  4669 | D:6      | Noticed Prince Ribbit
  4680 | D:6      | Reached skill level 5 in Fighting
  4692 | D:6      | Reached XP level 7. HP: 23/61 MP: 6/6
  4706 | D:6      | Killed Prince Ribbit
  4706 | D:6      | Reached skill level 6 in Axes
  4911 | D:6      | Found Ikaukh's Armour Boutique.
  4917 | D:6      | Bought a +0 scale mail of magic resistance for 121 gold
                  | pieces
  5394 | D:6      | Reached XP level 8. HP: 69/69 MP: 7/7
  5460 | D:6      | Reached skill level 7 in Axes
  5481 | D:6      | Gained mutation: Your muscles are strong. (Str +2) [potion
                  | of mutation]
  5481 | D:6      | Gained mutation: You have a pair of large horns on your
                  | head. [potion of mutation]
  5622 | D:6      | Found a deep blue altar of Sif Muna.
  5775 | D:6      | Found a staircase to the Ecumenical Temple.
  6503 | D:7      | Found a sparkling altar of Nemelex Xobeh.
  6534 | D:7      | Reached skill level 8 in Axes
  6859 | D:7      | Found a shimmering altar of Xom.
  6965 | D:7      | Reached XP level 9. HP: 75/77 MP: 8/8
  7830 | D:8      | Reached skill level 9 in Axes
  8082 | D:8      | Reached skill level 10 in Axes
  9432 | D:9      | Found a glowing golden altar of the Shining One.
  9438 | D:9      | Reached XP level 10. HP: 75/84 MP: 9/9
  9440 | D:9      | Reached skill level 11 in Axes
  9461 | D:9      | Reached skill level 5 in Dodging
  9469 | D:9      | Noticed a two-headed ogre
  9483 | D:9      | Killed a two-headed ogre
  9676 | D:9      | Found a flagged portal.
  9890 | D:9      | Found a staircase to the Lair.
  9993 | D:9      | Found a stormy altar of Qazlal.
 10521 | D:9      | Found Opofoc's Magic Scroll Shop.
 10538 | D:9      | Bought a scroll of random uselessness for 14 gold pieces
 10623 | D:10     | Entered Level 10 of the Dungeon
 10626 | D:10     | Noticed Fannar
 10639 | D:10     | Reached skill level 12 in Axes
 10646 | D:10     | Killed Fannar
 10646 | D:10     | Reached skill level 10 in Armour
 10971 | D:10     | Reached XP level 11. HP: 88/94 MP: 10/10
 11283 | D:10     | Got a fine robe
 11294 | D:10     | Identified the cursed +1 robe of a sewer {rC++ Int+4} (You
                  | found it on level 10 of the Dungeon)
 11348 | D:10     | Noticed a deep elf knight
 11349 | D:10     | Found a runed door.
 11349 | D:10     | Noticed devnull's ghost (novice DENe)
 11369 | D:10     | Killed devnull's ghost
 11369 | D:10     | Reached skill level 1 in Stealth
 11374 | D:10     | Killed a deep elf knight
 11605 | D:10     | Found Ligyrhaisk's Armour Shoppe.
 11632 | D:10     | Found a staircase to the Orcish Mines.
 11663 | D:10     | Found a roughly hewn altar of Beogh.
 11683 | D:10     | Bought a +4 scale mail of magic resistance for 372 gold
                  | pieces
 11933 | D:10     | Noticed Joseph
 11949 | D:10     | Killed Joseph
 12079 | Orc:1    | Entered Level 1 of the Orcish Mines
 12118 | Orc:1    | Reached skill level 10 in Shields
 12439 | Orc:1    | Reached skill level 13 in Axes
 12605 | Orc:1    | Noticed an orc high priest
 12630 | Orc:1    | Killed an orc high priest
 13122 | Orc:2    | Entered Level 2 of the Orcish Mines
 13140 | Orc:2    | Noticed an orc sorcerer
 13184 | Orc:2    | Killed an orc sorcerer
 13275 | Orc:2    | Found Kappuceup's Weapon Emporium.
 13288 | Orc:2    | Noticed Erolcha
 13301 | Orc:2    | Killed Erolcha
 13567 | Orc:2    | Found a staircase to the Elven Halls.
 13665 | Orc:2    | Reached skill level 1 in Maces & Flails
 13665 | Orc:2    | Reached XP level 12. HP: 91/105 MP: 11/11
 13888 | Orc:2    | Reached skill level 10 in Fighting
 13893 | Orc:2    | Reached skill level 5 in Maces & Flails
 14307 | Orc:2    | Found a roughly hewn altar of Beogh.
 14371 | Orc:2    | Found Exiupnel's Distillery.
 14371 | Orc:2    | Found Takos's Gadget Shoppe.
 14387 | Orc:2    | Gained mutation: Armour fits poorly on your strangely
                  | shaped body. [a neqoxec]
 14391 | Orc:2    | Gained mutation: You are dopey. (Int -2) [a neqoxec]
 14411 | Orc:2    | Bought a potion of heal wounds for 80 gold pieces
 14411 | Orc:2    | Bought a potion of heal wounds for 80 gold pieces
 14411 | Orc:2    | Bought a potion of heal wounds for 80 gold pieces
 14507 | Orc:2    | Found Poharch's Jewellery Shop.
 14507 | Orc:2    | Found Ytuhoe's Food Shoppe.
 14738 | Orc:2    | Slain by an orc warrior

Skill      XL: |  1  2  3  4  5  6  7  8  9 10 11 12 |
---------------+-------------------------------------+-----
Fighting       | 4 5 6 7 9 10 | 10.1
Shields        | 4 5 6 7 9 10 | 10.2
Axes           | 3 4 5 6 8 10 12 13 | 13.9
Armour         | 4 5 6 8 9 10 11 | 11.4
Dodging        | 2 3 4 6 7 |  7.6
Stealth        | 1 2 |  2.3
Maces & Flails | 1 6 |  6.6
Throwing       | |  0.2

Action                   |  1- 3 |  4- 6 |  7- 9 | 10-12 || total
-------------------------+-------+-------+-------+-------++-------
Melee: War axe           |   111 |    25 |       |       ||   136
       Headbutt          |    22 |    19 |    36 |    87 ||   164
       Hand axe          |       |    89 |   222 |   304 ||   615
       Whip              |       |     8 |       |       ||     8
       Mace              |       |       |       |   180 ||   180
Throw: Tomahawk          |       |       |       |     1 ||     1
  Use: Scroll            |       |     5 |     5 |     7 ||    17
       Potion            |       |       |     4 |    11 ||    15
  Eat: Chunk             |     2 |     1 |     3 |     9 ||    15
       Ration            |       |     3 |     4 |     5 ||    12
Armor: Scale mail        |    63 |    54 |   101 |   209 ||   427
Dodge: Dodged            |    37 |    45 |    66 |   307 ||   455
Block: Shield            |    79 |    59 |    99 |    72 ||   309
       Buckler           |       |       |       |    11 ||    11
